 Dungeon Crawl Stone Soup version 0.24-a0-615-g751f86b5a9 (webtiles) character file.

Game seed: 597479787409525192, levelgen mode: deterministic

21 Mithandil the Skirmisher (level 2, -2/24 HPs)
             Began as a Demonspawn Abyssal Knight on Sept 13, 2019.
             Was a Follower of Lugonu.
             Slain by an adder (5 damage)
             ... on level 3 of the Dungeon.
             The game lasted 00:05:00 (637 turns).

Mithandil the Skirmisher (Demonspawn Abyssal Knight) Turns: 637, Time: 00:05:00

Health: -2/24      AC:  4    Str: 12    XL:     2   Next: 62%
Magic:  3/3        EV: 10    Int: 13    God:    Lugonu [*.....]
Gold:   31         SH:  3    Dex: 12    Spells: 1/1 levels left

rFire    + . .     SeeInvis .   a - +1 hand axe
rCold    . . .     Gourm    .   f - +0 buckler
rNeg     . . .     Faith    .   j - +0 leather armour
rPois    .         Spirit   .   (no helmet)
rElec    .         Reflect  .   (no cloak)
rCorr    .         Harm     .   e - +0 pair of gloves
MR       .....                  (no boots)
Stlth    +.........             (no amulet)
HPRegen  0.08/turn              g - ring of protection from fire
MPRegen  0.08/turn              (no ring)

@: lightly drained
A: claws 1
a: Depart the Abyss, Renounce Religion


You were on level 3 of the Dungeon.
You worshipped Lugonu.
Lugonu was aware of your devotion.
You were not hungry.

You visited 1 branch of the dungeon, and saw 3 of its levels.
You visited the Abyss 1 time.

You collected 31 gold pieces.

Inventory:

Hand Weapons
 a - a +1 hand axe (weapon)
 b - a +1 short sword of draining
Missiles
 d - 23 stones (quivered)
 h - 2 javelins
 m - 15 poisoned darts
Armour
 e - a +0 pair of gloves (worn)
 f - a +0 buckler (worn)
 j - a +0 leather armour (worn)
Jewellery
 g - a ring of protection from fire (left hand)
 n - an uncursed amulet of magic regeneration {unknown}
Scrolls
 i - a scroll of identify {unknown}
 o - 3 scrolls of random uselessness {unknown}
Potions
 l - a potion of curing {unknown}
Comestibles
 c - 2 rations
 k - 2 chunks of flesh


   Skills:
 + Level 3.0(2.9) Fighting
 * Level 2.1(1.9) Axes
 + Level 1.9(1.8) Armour
 + Level 1.1(0.9) Dodging
 + Level 0.3(0.1) Stealth
 * Level 0.7(0.6) Shields
 + Level 0.3(0.2) Unarmed Combat
 + Level 2.6(2.5) Invocations


You had one spell level left.
You didn't know any spells.
Your spell library was empty.

Dungeon Overview and Level Annotations

Branches:
Dungeon (3/15)

Altars:


Innate Abilities, Weirdness & Mutations

You have sharp fingernails.


Message History

You closely miss the orc. You closely miss the goblin.
The bat closely misses you. The goblin hits you.
* * * LOW HITPOINT WARNING * * *
The adder bites you but does no damage. The orc hits you.
* * * LOW HITPOINT WARNING * * *
The goblin hits you but does no damage. The adder bites you but does no damage.
You miss the adder.
The adder is heavily wounded.
You hit the goblin. You hit the orc but do no damage.
The orc hits you but does no damage. The bat hits you but does no damage.
The adder bites you but does no damage. The goblin barely misses you.
You hit the adder but do no damage.
The adder is heavily wounded.
You hit the goblin. You closely miss the orc. You barely miss the bat.
The bat hits you but does no damage. The bat hits you.
* * * LOW HITPOINT WARNING * * *
The bat hits you.
* * * LOW HITPOINT WARNING * * *
The adder bites you.
You die...

##..... ......
#####...<.. ......
#..........
......########.#........
......#...##............
........................
........................
.......Sb...............
......g@o...............
.....#..........#.......
... ##...#....##.......
# #..#####..........
#.## ........... ....
............ #.#.#
#......#... .....
........


You could see an adder, an orc, a goblin and a bat.

Vanquished Creatures
  An ooze (D:1)
  A dart slug (D:1)
  4 bats
  A goblin (D:1)
  2 hobgoblins
  4 kobolds (D:1)
  A frilled lizard (D:3)
  2 rats (D:1)
16 creatures vanquished.

Notes
Turn   | Place    | Note
-------+----------+-------------------------------------------
     0 | Abyss:1  | Mithandil the Demonspawn Abyssal Knight began the quest for
                  | the Orb.
     0 | Abyss:1  | Reached XP level 1. HP: 18/18 MP: 2/2
     0 | Abyss:1  | Found a corrupted altar of Lugonu.
    30 | Abyss:1  | Found a corrupted altar of Lugonu.
    78 | Abyss:1  | Found a corrupted altar of Lugonu.
   113 | Abyss:1  | Noticed a smoke demon
   116 | D:1      | Escaped the Abyss
   231 | D:1      | Reached skill level 1 in Dodging
   240 | D:1      | Reached * piety under Lugonu
   240 | D:1      | Gained mutation: You have sharp fingernails. [demonic
                  | ancestry]
   240 | D:1      | Reached XP level 2. HP: 11/24 MP: 3/3
   637 | D:3      | Slain by an adder

Levels and vault maps discovered:
D:1:      roderic_octagonal_star, layout_basic, chequers_serial_rivers_micro_d
D:2:      layout_loops_corners, overflow_temple_1_default, uniq_sigmund
D:3:      layout_rooms, gup_sewer_entry_pipe, uniq_ijyb

Skill      XL: |  1  2 |
---------------+-------+-----
Dodging        | 1 |  1.1
Axes           | 2 |  2.1
Fighting       | |  3.0
Armour         | |  1.9
Stealth        | |  0.3
Shields        | |  0.7
Unarmed Combat | |  0.3
Invocations    | |  2.6

Action                   || total
-------------------------++-------
Melee: Hand axe          ||    56
Throw: Stone             ||    38
Invok: Depart the Abyss  ||     1
  Use: Potion            ||     1
Armor: Leather armour    ||    29
Dodge: Dodged            ||    40
Block: Buckler           ||     9

Table legend:
 A = Non-vault XP
 B = Vault XP
 C = Vault XP percentage of total XP
 D = Non-vault monster count
 E = Vault monster count
 F = Vault count percentage of total count
                 A         B        C        D         E       F
            +---------+---------+-------+---------+---------+-------
      Total |      30 |       0 |   0.0 |      16 |       0 |   0.0
            +---------+---------+-------+---------+---------+-------
        D:1 |      23 |       0 |   0.0 |      11 |       0 |   0.0
        D:2 |       5 |       0 |   0.0 |       3 |       0 |   0.0
        D:3 |       2 |       0 |   0.0 |       2 |       0 |   0.0
            +---------+---------+-------+---------+---------+-------
